 Dungeon Crawl Stone Soup version bcrawl-1.13.2 (webtiles) character file.

Game seed: 16737761317274983154

2099 Flugkiller the Destroyer (level 9, -11/54 HPs)
             Began as a Skeleton Reaver on Aug 13, 2019.
             Was a Believer of Vehumet.
             Mangled by an ogre
             ... wielding a +0 giant club
              (16 damage)
             ... on level 5 of the Dungeon.
             The game lasted 00:11:19 (7109 turns).

Flugkiller the Destroyer (Skeleton Reaver)          Turns: 7109, Time: 00:11:19

Health: -11/54     AC:  7    Str: 17    XL:     9   Next: 7%
Magic:  0/27       EV:  2    Int: 17    God:    Vehumet [**....]
Gold:   342        SH:  0    Dex: -2 (7) Spells: 14/20 levels left

rFire    . . .     SeeInvis .   r - +4 trident
rCold    + . .     Gourm    .   q - +0 buckler
rNeg     + + +     Faith    .   b - +0 steam dragon scales
rPois    ∞         Spirit   +   e - +0 helmet
rElec    .         Reflect  .   (no cloak)
rCorr    .         Harm     .   (no gloves)
MR       +....                  (no boots)
Stlth    ..........             (no amulet)
HPRegen  0.18/turn              k - ring of magical power
MPRegen  0.20/turn              m - ring of stealth

@: slowed, lost dexterity, very slow
A: no food or potions, cold resistance 1, deterioration 1, negative energy
resistance 3, powered by death 1, torment resistance, unbreathing, magic shield,
sturdy frame 1, spell healing
a: Renounce Religion


You were on level 5 of the Dungeon.
You worshipped Vehumet.
Vehumet was pleased with you.
You were not hungry.

You visited 1 branch of the dungeon, and saw 6 of its levels.

You collected 342 gold pieces.

Inventory:

Hand Weapons
 a - a +0 trident
 g - a +0 hunting sling
 j - a +2 hand axe of draining
 l - a +2 vampiric hand axe
 r - a +4 trident (weapon)
Missiles
 h - 1430 stones (quivered)
Armour
 b - +0 steam dragon scales (worn)
 e - a +0 helmet (worn)
 p - a +0 shield
 q - a +0 buckler (worn)
Jewellery
 k - a ring of magical power (left hand)
 m - a ring of stealth (right hand)
Scrolls
 c - a scroll of immolation
 d - 7 scrolls of identify
 f - 4 scrolls of teleportation
 i - 2 scrolls of fog
 n - a scroll of enchant weapon


   Skills:
 - Level 5.0 Fighting
 - Level 4.8(5.4) Axes
 - Level 3.6(4.8) Polearms
 - Level 4.1 Armour
 - Level 4.0 Dodging
 - Level 4.1 Shields
 - Level 6.2 Spellcasting
 + Level 8.5 Conjurations
 - Level 1.0 Fire Magic


You had 14 spell levels left.
You knew the following spells:

 Your Spells              Type           Power        Failure   Level  Hunger
a - Flame Tongue          Conj/Fire      ###..        1%          1    N/A
b - Iskenderun's Battles  Conj/Chrm      ###.....     52%         5    N/A

Your spell library contained the following spells:

 Spells                   Type           Power        Failure   Level  Hunger
 Inner Flame              Hex/Fire       N/A          30%         3    N/A

Dungeon Overview and Level Annotations

Branches:
Dungeon (6/12)             Temple (0/1) D:5

Altars:
Ashenzari
Elyvilon
Kikubaaqudgha
Qazlal
Vehumet
Beogh

Shops:
D:6 :

Annotations:
D:3 3 runed translucent doors, Susanna's ghost, amateur DjRe
D:4 1 runed translucent door, Beaer's ghost, amateur VSRg


Innate Abilities, Weirdness & Mutations

You do not eat or drink.
You are immune to poison.
Your flesh is cold resistant. (rC+)
Your body sometimes deteriorates upon taking damage.
You are immune to negative energy. (rN+++)
You regenerate a little health from kills.
You are immune to unholy pain and torment.
You can survive without breathing.
When hurt, damage is shared between your health and your magic reserves.
Your movements are slightly less encumbered by armour. (ER -2)
Casting spells heals you.


Message History

Found 3 gold pieces.
Found an escape hatch in the ceiling.
There is a stone staircase leading up here.
The ogre hits you with a +0 giant club!
You climb upwards.
There is a stone staircase leading down here.
You puncture the ogre!
The ogre is moderately wounded.
The ogre hits you with a +0 giant club!
* * * LOW HITPOINT WARNING * * *
Unknown command.
You puncture the ogre!
The ogre is severely wounded.
The ogre hits you with a +0 giant club!
* * * LOW HITPOINT WARNING * * *
Unknown command.
You barely miss the ogre.
The ogre is severely wounded.
The ogre hits you with a +0 giant club!!
You die...

.....# ##......## .....##
#.....## ......## ##....##
#####..## ##..#.##
##..#######..####
##..#.......##
##..........##
#..#........## ###
#..#.....@...## ###..
#.......##O...## #####....
#.......###....###.......[
#......## ##......>......>
#......# #.....######..#
#.....## ##...### ####
#....### ##...##
#......###....#
##............## ##


You could see an ogre.

Vanquished Creatures
  A hungry ghost (D:6)
  A water moccasin (D:6)
  An orc warrior (D:5)
  An eye of draining (D:6)
  An ogre (D:4)
  3 centaurs
  A big kobold (D:6)
  A gnoll sergeant (D:5)
  4 scorpions
  5 wights
  5 crimson imps
  A quasit (D:6)
  3 bullfrog skeletons (D:5)
  2 jellies
  3 orc priests
  2 hounds
  Terence (D:3)
  2 orc wizards
  A worker ant (D:5)
  A killer bee zombie (D:6)
  4 gnolls (D:5)
  9 adders
  An ooze (D:6)
  A worm (D:2)
  5 leopard geckos
  11 orcs
  6 giant cockroaches
  5 goblins
  7 hobgoblins
  4 jackals (D:3)
  13 kobolds
  2 quokkas (D:4)
  A ball python (D:1)
  8 bats
  5 frilled lizards
  6 rats
128 creatures vanquished.

Notes
Turn   | Place    | Note
-------+----------+-------------------------------------------
     0 | D:1      | Flugkiller the Skeleton Reaver began the quest for the Orb.
     0 | D:1      | Reached XP level 1. HP: 14/14 MP: 4/4
   442 | D:1      | Reached XP level 2. HP: 18/19 MP: 7/7
  1098 | D:2      | Reached XP level 3. HP: 23/23 MP: 9/9
  1119 | D:2      | Reached skill level 5 in Spellcasting
  1334 | D:2      | Reached XP level 4. HP: 21/28 MP: 9/12
  1407 | D:2      | Reached * piety under Vehumet
  1407 | D:2      | Offered knowledge of Sting by Vehumet.
  1909 | D:3      | Found a shattered altar of Ashenzari.
  1984 | D:3      | Found a runed translucent gate.
  1984 | D:3      | Found a runed translucent gate.
  1991 | D:3      | Found a runed translucent gate.
  1991 | D:3      | Noticed Susanna's ghost (amateur DjRe)
  1992 | D:3      | Identified the +9 mace of Change {crush, +Inv rElec Str-4
                  | Dex+2}
  1993 | D:3      | Found a roughly hewn altar of Beogh.
  2414 | D:3      | Reached XP level 5. HP: 32/33 MP: 13/13
  2451 | D:3      | Found an ancient bone altar of Kikubaaqudgha.
  2454 | D:3      | Found a stormy altar of Qazlal.
  2457 | D:3      | Found a radiant altar of Vehumet.
  2583 | D:3      | Found a white marble altar of Elyvilon.
  2616 | D:3      | Offered knowledge of Flame Tongue by Vehumet.
  2619 | D:3      | Learned a level 1 spell: Flame Tongue
  2624 | D:3      | Reached ** piety under Vehumet
  2719 | D:3      | Noticed Terence
  2729 | D:3      | Killed Terence
  2740 | D:3      | Reached skill level 1 in Conjurations
  2894 | D:3      | Reached skill level 1 in Fire Magic
  2964 | D:3      | Gained mutation: You regenerate a little health from kills.
                  | [Skeleton growth]
  2964 | D:3      | Reached XP level 6. HP: 40/40 MP: 15/15
  3183 | D:4      | Found a runed translucent door.
  3205 | D:4      | Reached skill level 5 in Fighting
  3315 | D:4      | Reached skill level 2 in Conjurations
  3626 | D:3      | Reached skill level 3 in Conjurations
  3741 | D:4      | Reached skill level 1 in Axes
  4146 | D:4      | Noticed Beaer's ghost (amateur VSRg)
  4221 | D:4      | Reached XP level 7. HP: 26/44 MP: 16/16
  4505 | D:5      | Entered Level 5 of the Dungeon
  4870 | D:5      | Reached skill level 1 in Armour
  4880 | D:5      | Learned a level 5 spell: Iskenderun's Battlesphere
  5162 | D:5      | Found a staircase to the Ecumenical Temple.
  5210 | D:5      | Reached skill level 1 in Shields
  5522 | D:5      | Reached skill level 4 in Conjurations
  5662 | D:5      | Reached XP level 8. HP: 45/49 MP: 17/17
  6334 | D:5      | Reached skill level 5 in Conjurations
  6554 | D:6      | Reached skill level 6 in Conjurations
  6875 | D:6      | Reached skill level 7 in Conjurations
  6903 | D:6      | Found Cuoregek's Book Shoppe.
  6970 | D:6      | Reached skill level 8 in Conjurations
  6970 | D:6      | Reached XP level 9. HP: 48/54 MP: 18/18
  7038 | D:6      | Offered knowledge of Inner Flame by Vehumet.
  7060 | D:6      | Lost dexterity.
  7109 | D:5      | Mangled by an ogre

Skill      XL: |  1  2  3  4  5  6  7  8 |
---------------+-------------------------+-----
Spellcasting   | 4 6 |  6.2
Fighting       | 4 5 |  5.0
Conjurations   | 1 3 4 8 |  8.5
Fire Magic     | 1 |  1.0
Axes           | 3 4 |  4.8
Armour         | 2 4 |  4.1
Shields        | 2 4 |  4.1
Dodging        | 4 |  4.0
Polearms       | |  3.6

Action                   |  1- 3 |  4- 6 |  7- 9 || total
-------------------------+-------+-------+-------++-------
Melee: Trident           |   151 |    66 |    29 ||   246
       Hand axe          |       |   209 |   268 ||   477
 Cast: Flame Tongue      |       |     2 |       ||     2
  Use: Scroll            |     1 |     1 |     6 ||     8
 Stab: Sleeping          |     1 |       |     5 ||     6
Armor: Steam dragon scal |    49 |    97 |   192 ||   338
Dodge: Dodged            |    97 |   183 |   228 ||   508
Block: Buckler           |       |       |    49 ||    49
